Map: Dusk Towers

Players

Overlord

  • Race: Terran Terran

Fiend - Winner!

  • Race: Terran Terran
  • League: Platinum

VOD

Have the link to the VOD?

Description

Time

  • Played on: March 27, 2016, 5:32 p.m.
  • Length: 14:40
Show
View Real Time Build Order
Export as new Build Order

Overlord Terran 

Build Orders: MMM Bio 

Get SALT Encoding   

  12  0:00  SCV  
  13  0:13  SCV  
  14  0:18  Supply Depot  
  14  0:25  SCV  
  15  0:28  Refinery  
  15  0:39  SCV  
  16  0:44  Barracks  
  16  0:51  SCV  
  17  1:04  Barracks  
  17  1:05  SCV  
  18  1:15  Refinery  
  18  1:17  SCV  
  19  1:29  SCV  
  19  1:31  Reaper  
  21  1:41  Orbital Command  
  21  1:46  Supply Depot  
  21  1:50  Reaper  
  22  2:03  Reaper  
  23  2:12  Supply Depot  
  23  2:17  SCV  
  24  2:23  Reaper  
  24  2:29  SCV  
  26  2:35  Reaper  
  27  2:51  SCV  
  27  2:55  Reaper  
  29  2:58  Factory  
  29  3:02  Command Center  
  29  3:03  SCV  
  30  3:07  Reaper  
  31  3:15  SCV  
  30  3:27  SCV  
  32  3:42  Factory Reactor, Starport  
  32  3:44  Factory Tech Lab  
  32  3:47  Barracks Reactor x2  
  30  3:51  Engineering Bay, SCV  
  30  3:52  Engineering Bay  
  31  4:03  SCV  
  28  4:25  Marine x4  
  28  4:26  Siege Tank  
  28  4:28  Terran Infantry Weapons Level 1  
  37  4:36  Terran Infantry Armor Level 1  
  35  4:39  Orbital Command  
  35  4:45  Refinery  
  35  4:46  Marine  
  35  4:47  Marine x3  
  35  4:52  Viking  
  41  4:55  SCV  
  42  5:08  Marine x4  
  42  5:10  Siege Tank  
  45  5:37  SCV x2  
  47  5:46  Orbital Command, Marine x4  
  54  5:59  Medivac  
  54  6:01  Supply Depot  
  54  6:02  Supply Depot, Armory  
  53  6:19  Factory Tech Lab  
  53  6:22  Barracks  
  53  6:26  Barracks  
  53  6:27  Barracks  
  53  6:39  Marine x2  
  55  6:42  Stimpack  
  55  6:43  Siege Tank  
  52  7:07  Marine x2  
  54  7:11  SCV x2  
  54  7:14  Terran Infantry Weapons Level 2  
  58  7:34  Viking  
  58  7:36  Barracks Reactor x2, Command Center  
  58  7:40  Marine  
  58  7:41  Marine x2  
  62  7:49  Terran Infantry Armor Level 2  
  62  7:51  Marine  
  62  8:08  Marine x2  
  54  8:37  Marine  
  54  8:38  Marine x6  
  54  8:39  Marine x2  
  54  8:40  Siege Tank, Medivac  
  68  8:48  SCV x2  
  70  8:53  Combat Shields  
  70  8:59  Orbital Command  
  70  9:00  SCV x2  
  72  9:07  Marine x3  
  72  9:08  Marine x3  
  78  9:12  SCV x2  
  80  9:26  SCV x2  
  80  9:27  Marine x3  
  80  9:28  Marine  
  80  9:29  Medivac  
  88  9:42  Supply Depot, SCV x2  
  88  9:43  SCV, Supply Depot  
  91  9:48  Supply Depot  
  91  9:54  SCV x2  
  93  10:03  SCV  
  93  10:06  Marine x2  
  94  10:07  Terran Infantry Weapons Level 3  
  94  10:11  Terran Infantry Armor Level 3  
  92  10:18  Marine  
  90  10:22  Orbital Command  
  89  10:31  SCV x2  
  83  10:42  Missile Turret  
  77  10:43  SCV x2  
  77  10:47  SCV  
  78  10:55  SCV x2  
  77  11:00  SCV  
  77  11:02  Missile Turret  
  76  11:07  SCV x2  
  78  11:12  SCV  
  79  11:19  SCV x2  
  79  11:24  SCV  
  79  11:25  Marine x4  
  84  11:31  SCV x2  
  88  11:36  Siege Tank, SCV  
  92  11:45  Missile Turret  
  92  11:47  SCV x2  
  92  11:48  Missile Turret, SCV  
  95  11:57  Marine  
  95  11:58  Marine x7  
  95  11:59  SCV  
  104  12:14  Siege Tank  
  107  12:21  Starport Reactor  
  107  12:22  Marine x9  
  110  12:23  SCV  
  110  12:28  Factory  
  110  12:29  Supply Depot  
  117  12:30  Supply Depot  
  117  12:31  Supply Depot  
  117  12:33  SCV  
  117  12:39  Marine  
  118  12:46  Siege Tank  
  114  12:58  SCV  
  114  12:59  SCV x2, Marine x5  
  114  13:00  Marine  
  123  13:16  Factory Tech Lab  
  124  13:30  Command Center  
  124  13:31  Viking x2, Siege Tank  
  124  13:32  Marine x3  
  132  13:36  Command Center  
  126  14:11  Marine x2  
  126  14:12  Marine x3  
  126  14:13  Marauder  
Show
View Real Time Build Order
Export as new Build Order

Fiend Terran - Winner!

Build Orders: Liberator Opening, Reaper Expand 

Get SALT Encoding   

  12  0:00  SCV  
  13  0:13  SCV  
  14  0:17  Supply Depot  
  14  0:25  SCV  
  15  0:36  Refinery  
  15  0:39  SCV  
  16  0:45  Barracks  
  16  0:51  SCV  
  17  1:04  SCV  
  18  1:16  SCV  
  19  1:32  Orbital Command  
  19  1:33  Reaper  
  20  1:46  Command Center  
  20  1:56  Factory  
  20  1:59  SCV  
  21  2:08  Supply Depot, Marine  
  21  2:12  SCV  
  23  2:19  Refinery  
  23  2:29  SCV  
  24  2:38  Marine  
  24  2:41  SCV  
  26  2:44  Hellion  
  27  2:54  SCV  
  27  2:55  Starport  
  27  2:57  Supply Depot  
  28  2:59  Marine  
  28  3:04  Orbital Command  
  29  3:06  SCV  
  29  3:10  Hellion  
  32  3:17  Marine  
  33  3:28  SCV  
  33  3:33  Factory Tech Lab  
  33  3:34  Liberator  
  34  3:36  Barracks Reactor  
  34  3:38  SCV  
  35  3:43  Barracks, SCV  
  36  3:54  SCV  
  40  4:06  SCV  
  40  4:07  SCV  
  39  4:13  Marine  
  39  4:14  Marine  
  41  4:18  SCV  
  41  4:19  Siege Tank  
  45  4:26  Supply Depot  
  45  4:30  Engineering Bay  
  45  4:33  Marine x2  
  45  4:35  Barracks Tech Lab  
  47  4:44  Viking  
  49  4:51  Siege Tank  
  52  4:53  Marine  
  52  4:54  Marine x2  
  55  5:03  SCV x2  
  57  5:10  Supply Depot  
  57  5:11  Supply Depot  
  57  5:13  Missile Turret  
  57  5:16  Missile Turret  
  57  5:18  Marine x2  
  59  5:23  SCV x2  
  59  5:25  Marine  
  62  5:34  Starport Reactor  
  62  5:41  Marine  
  62  5:42  Marine  
  64  5:44  Marine  
  65  5:52  Command Center  
  65  5:55  Siege Tank  
  65  6:06  Marine  
  65  6:07  Stimpack  
  66  6:14  Barracks x2  
  66  6:15  SCV x2  
  66  6:17  Medivac  
  70  6:19  Viking, Marine  
  71  6:28  Supply Depot  
  71  6:32  Marine x2  
  71  6:42  Supply Depot  
  71  6:44  Supply Depot  
  61  6:57  Marine x3  
  61  6:58  Siege Tank  
  61  7:00  Medivac  
  60  7:03  Barracks Reactor, Barracks  
  60  7:04  Barracks Reactor  
  60  7:13  SCV x2  
  60  7:15  Marine  
  63  7:22  Marine x2  
  65  7:30  SCV x2  
  65  7:32  Bunker x2  
  67  7:38  Missile Turret  
  67  7:40  Sensor Tower  
  67  7:41  Refinery  
  67  7:46  Orbital Command  
  67  7:48  SCV x2  
  69  7:54  Missile Turret  
  69  7:58  Missile Turret  
  69  8:00  Sensor Tower  
  69  8:01  SCV x2  
  71  8:10  Marine  
  71  8:11  Marine x5  
  71  8:12  Marine  
  78  8:13  Missile Turret  
  78  8:16  Missile Turret  
  65  8:33  Marine  
  65  8:34  Marine x5  
  65  8:35  Siege Tank  
  72  8:44  Marine  
  72  8:47  Viking  
  75  8:51  Marine  
  75  8:53  Refinery  
  75  8:55  SCV x3  
  78  8:56  Marine x3  
  78  8:57  Marine x2  
  78  8:58  Medivac  
  86  9:06  Barracks Reactor  
  86  9:07  Siege Tank, SCV x2  
  91  9:15  Engineering Bay  
  91  9:18  SCV, Marine  
  91  9:19  SCV x2, Marine x6  
  91  9:20  Missile Turret  
  101  9:27  Refinery  
  101  9:29  Factory  
  101  9:33  Starport  
  101  9:35  SCV x2  
  101  9:36  Missile Turret  
  103  9:39  SCV  
  103  9:41  Marine  
  103  9:42  Sensor Tower  
  105  9:54  Marine x6  
  108  10:09  Marine x3  
  108  10:10  Siege Tank  
  114  10:22  Marine x3  
  114  10:23  Marine  
  114  10:24  Marine  
  115  10:33  Marine x2  
  117  10:40  Liberator  
  117  10:48  Viking  
  117  10:57  Marine x5  
  117  11:03  Marine x2  
  117  11:11  Terran Infantry Weapons Level 1, Marine x2  
  117  11:12  Siege Tank  
  117  11:16  Terran Infantry Armor Level 1  
  117  11:18  Marine x2  
  117  11:19  Viking, Refinery, Marine  
  117  11:21  Factory Tech Lab, Marine  
  117  11:33  Starport Reactor  
  117  11:42  Armory  
  117  11:43  Missile Turret, Command Center, Supply Depot  
  117  11:44  Supply Depot  
  117  11:45  Command Center  
  117  11:46  Missile Turret  
  117  12:04  SCV x2, Marine x6  
  117  12:05  Siege Tank, SCV, Marine x3  
  117  12:06  Supply Depot  
  132  12:22  Marine  
  133  12:27  Marine x4  
  133  12:28  Siege Tank  
  133  12:29  Supply Depot  
  140  12:33  Supply Depot  
  140  12:34  Supply Depot  
  140  12:50  Viking, Siege Tank, Medivac  
  135  12:59  Marine x4  
  135  13:00  Marine x4  
  135  13:01  Siege Tank, Medivac  
  135  13:02  Medivac  
  150  13:18  Planetary Fortress  
  150  13:22  Siege Tank  
  150  13:23  Marine x3  
  150  13:24  Refinery, Marine  
  157  13:27  Sensor Tower  
  157  13:49  Marine  
  157  13:50  Marine  
  152  14:02  Marine  
  152  14:03  Marine x2  
  152  14:09  Marine  
  154  14:10  Marine x3  
Tags
 
Add a new tag
Caveats
  • Supply blocks, unpowered buildings, or Contaminate may cause inaccurate times.
  • Supply counts are checked every 10 seconds.